[Event "FRA-ch Teams Top 16-Bas 2022"]
[Site "Chartres"]
[Date "2022.06.17"]
[Round "9.12"]
[White "Flom, Gabriel"]
[Black "Domenech, Vianney"]
[Result "1-0"]
[ECO "E94"]
[WhiteElo "2442"]
[BlackElo "2266"]
[Annotator "TA"]
[PlyCount "89"]
[EventDate "2022.06.16"]
[EventType "team-tourn"]
[EventCountry "FRA"]
[SourceTitle "playchess.com"]
[Source "ChessBase"]
[SourceQuality "1"]
[TimeControl "40/5400+30:1800+30"]

1. d4 Nf6 2. c4 g6 3. Nc3 Bg7 4. e4 d6 5. Nf3 O-O 6. Be2 e5 7. O-O Na6 8. Bg5 h6 9. Be3 {[%emt 0:00:05] E94: King's Indian: Classical: 6 Be2 e5 7 0-0: Various Black 7th moves.} (9. dxe5 hxg5 10. exf6 Bxf6 $15) 9... Ng4 10. Bc1 c6 11. h3 (11. d5 $14) 11... exd4 $11 12. Nxd4 {[%emt 0:00:38] [#]} Qb6 $146 (12... Nf6 $1 $11) ({Predecessor:} 12... Nf6 13. f3 Nh5 14. Be3 Qh4 15. f4 Bxh3 16. Bxh5 gxh5 17. Nf5 Bxf5 18. exf5 Rfe8 {½-½ (79) Drygalov,S (2473)-Belous,V (2529) Chess.com INT 2019}) 13. hxg4 {[%emt 0:03:14] Hoping for Nb3.} Qxd4 14. Qxd4 Bxd4 15. Rd1 (15. Bxh6 Re8 $14) 15... Be5 16. Bxh6 Re8 17. Rac1 Nc5 18. f3 a5 19. Bf1 a4 20. Be3 Kf8 21. g5 Ke7 22. f4 (22. Rc2 $16) 22... Bxc3 $14 23. Bxc5 ({Much worse is} 23. bxc3 Nxe4 24. Re1 Kf8 $11) 23... Be5 24. Be3 Bxb2 25. Rb1 (25. Rc2 $5 Bg4 26. Be2 Bxe2 27. Rxe2 $14) 25... a3 26. Bd4 Kd7 (26... Kf8 $11 {keeps the balance.}) 27. e5 $1 $36 {[%emt 0:00:47][%mdl 2048] White is more active.} Ra4 (27... Bxd4+ $14 28. Rxd4 Kd8) 28. Bxb2 $18 axb2 29. Rxd6+ (29. Rxb2 $18 Kd8 30. exd6) 29... Kc7 $16 30. Rxb2 Be6 31. Bd3 Rea8 $2 {[%emt 0:04:15] This costs Black the game.} (31... Re7 $16 32. g3 Re8) 32. Bxg6 $18 {[%emt 0:00:49][%cal Ob2d2] Rbd2! is the strong threat.} Rxc4 (32... Bxc4 {is a better defense.} 33. Bf5 Rd8) 33. f5 Rc1+ {[%emt 0:01:56] [#]} 34. Kh2 $1 Rh8+ 35. Kg3 Rc3+ 36. Kf2 Bc4 {[%emt 0:00:36] [#]} (36... b5 $142 37. Rbd2 fxg6) 37. Bxf7 $1 Bxf7 38. Rh6 Rf8 39. Rf6 ({Less strong is} 39. Rh7 Kc8 $18) 39... Rc5 40. g6 Rxe5 41. g7 {[%emt 0:30:08][%mdl 64] Deflection} Ra8 42. Rxf7+ {[%emt 0:00:00] White mates.} Kd6 43. Rf8 Ree8 44. Rxe8 Rxe8 45. Re2 {[%emt 0:00:00] Weighted Error Value: White=0.08 (flawless) /Black=0.60} 1-0

[Event "FRA-ch Teams Top 16-Bas 2022"]
[Site "Chartres"]
[Date "2022.06.17"]
[Round "9.13"]
[White "Louis, Thibault"]
[Black "Shirazi, Kamran"]
[Result "0-1"]
[ECO "B01"]
[WhiteElo "2154"]
[BlackElo "2313"]
[Annotator "TA"]
[PlyCount "69"]
[EventDate "2022.06.16"]
[EventType "team-tourn"]
[EventCountry "FRA"]
[SourceTitle "playchess.com"]
[Source "ChessBase"]
[SourceQuality "1"]
[TimeControl "40/5400+30:1800+30"]

1. e4 d5 2. exd5 c6 3. dxc6 Nxc6 4. Be2 e5 5. d3 f5 (5... Qc7 $11) 6. Nf3 {[%emt 0:00:00] B01: Scandinavian Defence.} Nf6 7. c3 Bd6 {[%emt 0:01:52] [#]} 8. Nbd2 $146 {[%emt 0:00:00] White is slightly better.} ({Predecessor:} 8. d4 e4 9. Ng5 Qc7 10. g3 h6 11. Nh3 g5 12. Bf1 Be6 13. Na3 Bxa3 14. bxa3 {0-1 (34) Staechelin,R (2129)-Clausen,M (2082) Basel 2011}) 8... O-O 9. Nc4 Bc7 10. d4 e4 11. Nfe5 Qe8 12. f4 exf3 13. Bxf3 (13. Nxf3 $16 {With the idea 0-0.} b5 14. Ne3) 13... Bxe5 14. Nxe5 Nxe5 15. dxe5 Qxe5+ 16. Qe2 Qc7 {[%emt 0:01:00] [#] White must now prevent ...Re8.} 17. O-O $1 Bd7 18. Be3 (18. Bf4 $5 Qb6+ 19. Be3 $14) 18... Rae8 {[%emt 0:04:57] aiming for ...f4.} (18... Ng4 {looks sharper.} 19. Bxg4 fxg4 20. Qd3 Rxf1+ 21. Rxf1 Be6) 19. Qd2 Rd8 20. Bd4 (20. Bxa7 $2 b6 21. Bxb6 (21. Bd5+ $2 Kh8 $19) 21... Qxb6+ 22. Qf2 Qc7 $19) 20... Bb5 21. Rfe1 {[%emt 0:00:00] White wants to play Qg5.} Bc6 $1 22. Qf2 b6 (22... Bxf3 $11 {keeps the balance.} 23. gxf3 b6) 23. Bxc6 $16 {[%emt 0:00:51] This bishop pair is nice.} Ng4 $2 (23... Qxc6 $16 {keeps fighting.} 24. Qxf5 Rde8 25. Rxe8 Nxe8) 24. Qf3 $18 Qxh2+ 25. Kf1 {[%emt 0:00:02] Threatens to win with Bd5+.} Qd6 26. Ke2 ({Resist} 26. Bg1 $6 Ne5 27. Rxe5 (27. Bh2 Nxf3 28. Bxd6 Nd2+ 29. Kg1 Rxd6 $17) 27... Qxe5 $18) 26... Rf6 (26... Nh2 $142 27. Qh3 Qxc6) 27. Bd5+ $2 Qxd5 $16 28. Qxd5+ Rxd5 29. Bxf6 Nxf6 {[%emt 0:00:06][%mdl 4096] Endgame KRR-KRN} 30. Rad1 {[%emt 0:01:36] [#] Hoping for Rxd5.} Rb5 (30... Ra5 $16) 31. b4 $18 Ne4 32. Kd3 {[%emt 0:01:38] Kd4 is the strong threat.} Re5 33. Kd4 Re7 34. g4 fxg4 35. Rg1 $2 {[%emt 0:00:00] Weighted Error Value: White=0.23 (precise) /Black=0.42} (35. Ra1 $18) 0-1

[Event "FRA-ch Teams Top 16-Bas 2022"]
[Site "Chartres"]
[Date "2022.06.17"]
[Round "9.14"]
[White "Mekhane, Adam"]
[Black "Boukhris-Ferre, Yacine"]
[Result "1-0"]
[ECO "B12"]
[WhiteElo "2276"]
[BlackElo "2183"]
[Annotator "NA RC"]
[PlyCount "95"]
[EventDate "2022.06.16"]
[EventType "team-tourn"]
[EventCountry "FRA"]
[SourceTitle "playchess.com"]
[Source "ChessBase"]
[SourceQuality "1"]
[TimeControl "40/5400+30:1800+30"]

1. e4 c6 2. d4 d5 3. e5 Bf5 4. g4 Bd7 5. Nc3 e6 6. Be3 Qb6 7. Na4 Qa5+ 8. c3 Na6 9. Bxa6 Qxa6 10. Nc5 Bxc5 11. dxc5 Ne7 12. Qe2 Qxe2+ 13. Nxe2 Ng6 14. Bd4 b6 15. f4 bxc5 16. Bxc5 f6 17. Bd6 h5 18. g5 fxe5 19. fxe5 c5 20. Bxc5 Nxe5 21. O-O-O Ng6 22. Rhe1 Rc8 23. Ba3 h4 24. Nd4 Kf7 25. Nf3 Rc4 26. Rd4 Rhc8 27. Kd2 Kg8 28. Bb4 h3 29. Re3 Rxd4+ 30. cxd4 Nf4 31. Bd6 Ng2 32. Ra3 Ra8 33. Rb3 Be8 34. Ng1 Kh7 35. Rxh3+ Kg6 36. Nf3 Kf5 37. Rg3 Bh5 38. Be5 g6 39. Ng1 Nf4 40. Ke3 Rc8 41. Nf3 Bg4 42. Bxf4 Rh8 43. h4 a5 44. Be5 Rh7 45. Nh2 Rxh4 46. Nxg4 Rxg4 47. Rf3+ Kxg5 48. Bf6+ 1-0

[Event "FRA-ch Teams Top 16-Bas 2022"]
[Site "Chartres"]
[Date "2022.06.17"]
[Round "9.15"]
[White "Roubert, Emile"]
[Black "Kuhn, Clement"]
[Result "0-1"]
[ECO "B69"]
[WhiteElo "2027"]
[BlackElo "2280"]
[Annotator "TA"]
[PlyCount "160"]
[EventDate "2022.06.16"]
[EventType "team-tourn"]
[EventCountry "FRA"]
[SourceTitle "playchess.com"]
[Source "ChessBase"]
[SourceQuality "1"]
[TimeControl "40/5400+30:1800+30"]

1. e4 c5 2. Nf3 d6 3. d4 cxd4 4. Nxd4 Nf6 5. Nc3 Nc6 6. Bg5 e6 7. Qd2 a6 8. O-O-O Bd7 9. f4 Be7 10. Nf3 b5 11. Bxf6 gxf6 12. Kb1 Qb6 13. f5 O-O-O 14. g3 Kb8 15. fxe6 fxe6 16. Bh3 Na5 $1 {[%emt 0:00:25][%mdl 4] is now more promising than 16...Bc8. B69: Sicilian: Richter-Rauzer: 7...a6 8 0-0-0 Bd7 9 f4 Be7 10 Nf3 b5 11 Bxf6.} 17. Nd4 b4 $1 18. Nce2 e5 {[%emt 0:01:46][%csl LRd4,LRh3] The position is equal.} (18... Nc4 19. Qd3 d5 20. exd5 $16) 19. Bxd7 Rxd7 20. Nf5 Nc4 21. Qd3 $36 {[%emt 0:02:04][%mdl 2048] White has good play.} Rc8 22. Rhf1 (22. Nc1 $5 ) 22... Bf8 {[%emt 0:04:17] [#]} 23. Rf3 $146 {[%emt 0:03:28] [#]} (23. Nc1 $11) ({Predecessor:} 23. Nc1 a5 24. Nb3 a4 25. Nd2 Na3+ 26. bxa3 Rc3 27. Qd5 bxa3+ 28. Nb3 axb3 29. cxb3 {½-½ (38) Krause,B (2425)-Baskin,R (2390) Magdeburg 2020}) 23... a5 {[%emt 0:05:27] Black is more active.} (23... Na3+ $1 $17 24. Ka1 (24. bxa3 $2 Rc3 $19) 24... Nxc2+ 25. Kb1 Rdc7) 24. Ne3 $11 Nxe3 25. Qxe3 Qc6 26. Qd3 Be7 27. c3 Rb7 {[%emt 0:06:25][%cal Of6f5] Hoping for ...f5!} 28. Rc1 {[%emt 0:03:20] cxb4 is the strong threat.} b3 29. a3 Qc4 30. g4 Rb5 (30... Rd7 $11 {keeps the balance.}) 31. Ng3 (31. Rd1 $16) 31... d5 $14 32. Rd1 d4 33. Qxc4 (33. cxd4 Qc2+ 34. Ka1 Rb6 35. Qxc2 bxc2 $11) 33... Rxc4 34. cxd4 exd4 35. Ne2 Bc5 (35... a4 $1 $11) 36. Rxf6 (36. Rc1 $142 $1 Rxc1+ 37. Nxc1) 36... Rb7 $16 37. Rf3 (37. Nf4 $16) 37... d3 {[%emt 0:01:33] [#]} (37... a4 $11) 38. Nc3 $1 Bd6 (38... Bd4 $16) 39. h3 ({Much less strong is} 39. Rfxd3 Be5 40. Rd8+ Ka7) (39. Rdxd3 $18 Bxh2 40. Rd5) 39... Be5 40. Rdxd3 {[%emt 0:00:17] aiming for Rf8+.} a4 $1 41. Rfe3 ({White should try} 41. Rde3 $14) 41... Re7 42. Re2 Rf7 43. Rd1 Rf3 ({Don't do} 43... Bxc3 44. bxc3 Rxc3 45. Rd4 $16) 44. h4 Rg3 45. Rf2 Rxg4 46. Rf8+ Rc8 47. Rxc8+ Kxc8 48. Nxa4 Rxe4 $11 {[%emt 0:00:15][%mdl 4096] Endgame KRB-KRN} 49. Nc5 Re2 50. Nd3 Bf6 51. Rf1 Bxh4 52. Nc1 Re3 53. Rh1 Bg5 54. Nxb3 $1 Rxb3 55. Rxh7 {[%emt 0:00:14] KRB-KR} Bf6 56. Rh2 $1 Rf3 57. Kc2 Kc7 58. Rd2 Kc6 59. Rd3 Rf4 60. b4 Be5 61. Kb3 Rf2 62. Ka4 Rf7 63. Kb3 Rf4 64. Ka4 Bd4 65. Rh3 Rf5 66. Rg3 Rf6 67. Rh3 Kd5 68. Kb3 Rf2 69. Rh5+ Be5 70. Rh3 Rb2+ 71. Ka4 Rb1 72. Kb5 Rg1 73. Rf3 Rg8 74. Rh3 Rb8+ 75. Ka6 Bd4 76. Rh5+ Kc4 77. Rh3 Rb6+ 78. Ka5 Rg6 79. Rf3 $2 (79. b5 $11) 79... Rg8 80. Ka6 {[%emt 0:01:21] [#]} Rg7 $1 {[%emt 0:00:00] Weighted Error Value: White=0.17 (very precise) /Black=0.17 (very precise)} 0-1

[Event "FRA-ch Teams Top 16-Bas 2022"]
[Site "Chartres"]
[Date "2022.06.17"]
[Round "9.16"]
[White "Aflalo, Sophie"]
[Black "Bourgoin, Cecile"]
[Result "1-0"]
[ECO "A12"]
[WhiteElo "2152"]
[BlackElo "1682"]
[Annotator "NA RC"]
[PlyCount "51"]
[EventDate "2022.06.16"]
[EventType "team-tourn"]
[EventCountry "FRA"]
[SourceTitle "playchess.com"]
[Source "ChessBase"]
[SourceQuality "1"]
[TimeControl "40/5400+30:1800+30"]

1. Nf3 d5 2. c4 c6 3. b3 Bf5 4. Bb2 e6 5. d3 Nf6 6. Nbd2 Nbd7 7. g3 h6 8. Bg2 Bc5 9. O-O Qe7 10. e4 dxe4 11. dxe4 Bh7 12. e5 Ne4 13. Nxe4 Bxe4 14. Qe2 Bh7 15. a3 O-O 16. b4 Bb6 17. Nd2 c5 18. Bxb7 Rab8 19. Be4 Bxe4 20. Nxe4 cxb4 21. axb4 Ra8 22. Rfd1 Rfb8 23. Qg4 Rb7 24. c5 Bxc5 25. bxc5 Nxc5 26. Ba3 1-0

[Event "FRA-ch Teams Top 16-Bas 2022"]
[Site "Chartres"]
[Date "2022.06.17"]
[Round "9.18"]
[White "Dourerassou, Jonathan"]
[Black "Eugene, Floryan"]
[Result "0-1"]
[ECO "C84"]
[WhiteElo "2446"]
[BlackElo "2370"]
[Annotator "TA"]
[PlyCount "86"]
[EventDate "2022.06.16"]
[EventType "team-tourn"]
[EventCountry "FRA"]
[SourceTitle "playchess.com"]
[Source "ChessBase"]
[SourceQuality "1"]
[TimeControl "40/5400+30:1800+30"]

1. e4 e5 2. Nf3 Nc6 3. Bb5 a6 4. Ba4 Nf6 5. O-O Be7 6. Nc3 b5 7. Bb3 d6 8. d3 {[%emt 0:00:58] 8.a4 is becoming the main line.} Na5 9. h3 O-O 10. Bg5 {[%emt 0:06:06] C84: Closed Ruy Lopez: Unusual White 6th moves.} c6 11. Ne2 h6 12. Be3 {[%emt 0:00:55] The position is equal.} Re8 {[%emt 0:00:43] [#]} 13. Ng3 $146 ({Predecessor:} 13. Qd2 Bf8 14. c3 Nxb3 15. axb3 d5 16. Ng3 c5 17. exd5 Nxd5 18. c4 bxc4 19. bxc4 {0-1 (26) Allasia,J (1735)-Zhong,J (1984) Montevideo 2017}) 13... Bf8 14. c3 Nxb3 15. Qxb3 d5 16. Rfd1 Qc7 17. Qc2 Bb7 18. Nh2 c5 19. Ng4 Re6 20. Nxf6+ Rxf6 21. a4 Rd8 22. axb5 axb5 23. exd5 Bxd5 (23... Rxd5 $5 24. h4 Rfd6 $15) 24. c4 bxc4 25. dxc4 Bc6 26. Rxd8 Qxd8 27. Qc3 (27. Rd1 $5 Qc8 28. f3 $11) 27... Qc7 28. Qa5 Qd6 29. Qe1 (29. Qd2 $11) 29... Qe6 $17 30. Qe2 Rg6 31. Qd3 {[%emt 0:13:00] Against f5} Bb7 $40 {[%emt 0:04:28][%cal Oh6h5][%mdl 128] White is in trouble.} 32. Rd1 $2 {[%emt 0:01:13][%mdl 8192] Loses the game.} (32. b3 $17) 32... Qc6 $19 {[%emt 0:03:17][%csl Gb7][%cal Rc6g2] [#]} 33. Qf1 f5 34. Rd5 f4 35. Bxc5 Bxc5 36. Ne4 Bd4 37. Qd3 Qe6 38. Rd8+ Kh7 {[%emt 0:00:16] Threatens to win with ...Qf5.} 39. Qf3 Qf5 (39... Qxc4 $142 40. Kh2 Bb6 41. Nf6+ Rxf6 42. Qd3+ Qxd3 43. Rxd3 Bxf2 44. Rb3 Rb6 45. Rd3 e4 46. Rd7 Bg3+ 47. Kh1 Rxb2 48. Rd1 e3 49. Rf1 Bxg2+ 50. Kg1 Bxf1 51. h4 Bh3 52. h5 Rb1#) 40. Nf6+ Qxf6 {[%emt 0:00:06] Black mates.} 41. Qxb7 Qxd8 42. Qe4 Qg5 43. b4 Qg3 {[%emt 0:00:11] Weighted Error Value: White=0.69/Black=0.20 (precise)} 0-1

[Event "FRA-ch Teams Top 16-Bas 2022"]
[Site "Chartres"]
[Date "2022.06.17"]
[Round "9.19"]
[White "Di Nicolantonio, Lucas"]
[Black "Eden, James"]
[Result "1-0"]
[ECO "D94"]
[WhiteElo "2399"]
[BlackElo "2273"]
[Annotator "TA"]
[PlyCount "129"]
[EventDate "2022.06.16"]
[EventType "team-tourn"]
[EventCountry "FRA"]
[SourceTitle "playchess.com"]
[Source "ChessBase"]
[SourceQuality "1"]
[TimeControl "40/5400+30:1800+30"]

1. Nf3 Nf6 2. c4 c6 3. Nc3 d5 4. e3 g6 5. d4 Bg7 6. h3 O-O 7. Bd3 Nbd7 8. O-O Re8 9. cxd5 cxd5 10. Bd2 {[%emt 0:01:13] [#] D94: Grünfeld: 4 Nf3 Bg7 5 e3.} b6 $146 ({Predecessor:} 10... a6 11. Ne2 b6 12. Qb3 Bb7 13. Bb4 Ne4 14. Rfd1 Rc8 15. Rac1 Rxc1 16. Rxc1 e5 17. Nxe5 Nxe5 18. Bxe4 dxe4 19. dxe5 Bxe5 {½-½ (33) Kogan,B (2289)-Foulds,E (2359) ICCF email 2015}) 11. Rc1 Bb7 12. Nb5 {[%emt 0:11:26] White is slightly better.} Rf8 13. Qb3 Ne4 (13... Ne8 $142) 14. Bb4 $1 $16 Bf6 (14... a5 $16) 15. Rc7 $18 Ba6 {[%emt 0:00:42] Strongly threatening ...Bxb5.} 16. Rc2 $1 (16. Qxd5 Bxb5 17. Bxe4 (17. Bxb5 Qxc7 18. Qxe4 a6 $11) 17... Qxc7 $11) (16. Rxa7 Rxa7 17. Nxa7 Bxd3 18. Qxd3 Ndc5 $16) 16... Bb7 17. Rfc1 a6 (17... a5 $142) 18. Nc7 $1 Ndc5 19. Bxc5 Nxc5 20. Rxc5 (20. Qxb6 $6 Nxd3 21. Nxa8 (21. Qxb7 Rb8 $15) 21... Nxc1 $16) ({White has to play} 20. dxc5 $18 Qxc7 21. cxb6) 20... bxc5 $16 21. Nxa8 {[%emt 0:01:28] 0x0.001e64cc7fa0dp-1022s more active pieces. The black rooks are badly placed.} ({Don't do} 21. Qxb7 $6 Rb8 22. Qxd5 Qxc7 $14) 21... Qxa8 22. Rxc5 Rc8 {[%emt 0:00:37] Prevents Rc7.} 23. Qc2 e6 24. Rxc8+ Qxc8 25. Qxc8+ Bxc8 {[%emt 0:00:04][%mdl 4096] Endgame KBB-KBN} 26. Kf1 Bd8 27. Ke2 Kf8 28. Kd2 Ke7 29. Kc3 f6 30. b4 Kd6 31. Nd2 e5 32. Nb3 e4 (32... f5 $16 {was necessary.} 33. dxe5+ Kxe5) 33. Be2 $18 f5 (33... Ke7 {was called for.} 34. a4 Bd7) 34. a4 g5 35. a5 f4 36. exf4 (36. Nc5 $18 {and White stays clearly on top.}) 36... gxf4 $16 37. f3 Bh4 38. Nc5 e3 39. Nxa6 (39. Nd3 $16) 39... Bxa6 $14 40. Bxa6 $16 {[%emt 0:00:04] KB-KB} Be1+ 41. Kb3 h6 (41... h5 $14) 42. Be2 Kc7 43. Ka4 (43. a6 $16) 43... Kc6 $2 (43... Bc3 $14) 44. Kb3 $2 (44. b5+ $1 $18 {and the rest is easy.} Kb7 45. b6) 44... Kc7 $1 45. Bf1 {[%emt 0:03:10] White stays focused until the end.} Kb7 ({Black should try} 45... h5 $14) 46. Bd3 (46. Ka4 $16) 46... Kc7 47. Ka4 (47. a6 $16) 47... Kc6 $2 {[%emt 0:00:58][%mdl 8192] [#]} (47... Bc3 $14) 48. b5+ $1 $18 Kc7 {[%emt 0:00:56] [#]} 49. b6+ $1 Kc6 50. b7 Kc7 51. Kb5 ({Weaker is} 51. a6 Bc3 52. Kb5 Bxd4 $16) 51... Bc3 52. a6 Bxd4 53. b8=Q+ Kxb8 54. Kc6 Ka7 55. Kxd5 Bb6 56. Ke5 Bc7+ 57. Kf6 Bd8+ 58. Kf5 Bg5 59. Kg4 Kb6 60. h4 Be7 61. Kxf4 Bxh4 62. Kxe3 Be7 63. Ke4 Bc5 64. Ke5 (64. g4 $142 Kc7 65. Kd5) 64... Kc7 65. f4 {[%emt 0:00:33] Weighted Error Value: White=0.34/Black=0.27 (precise)} 1-0

[Event "FRA-ch Teams Top 16-Bas 2022"]
[Site "Chartres"]
[Date "2022.06.17"]
[Round "9.20"]
[White "Saatdjian, Thomas"]
[Black "Hutois, Mickael"]
[Result "1-0"]
[ECO "E16"]
[WhiteElo "2271"]
[BlackElo "2238"]
[Annotator "NA RC"]
[PlyCount "107"]
[EventDate "2022.06.16"]
[EventType "team-tourn"]
[EventCountry "FRA"]
[SourceTitle "playchess.com"]
[Source "ChessBase"]
[SourceQuality "1"]
[TimeControl "40/5400+30:1800+30"]

1. d4 Nf6 2. c4 e6 3. Nf3 b6 4. g3 Bb7 5. Bg2 Bb4+ 6. Bd2 c5 7. Bxb4 cxb4 8. a3 bxa3 9. Rxa3 O-O 10. O-O d5 11. cxd5 Nxd5 12. e4 Nb4 13. Nc3 Qe7 14. Qb1 N8c6 15. Rd1 Rfd8 16. e5 Na5 17. Ne4 Bxe4 18. Qxe4 Rac8 19. h4 h6 20. g4 g6 21. h5 Kg7 22. g5 hxg5 23. hxg6 Nc4 24. Rb3 fxg6 25. Qg4 Nc6 26. Nxg5 N4xe5 27. Nxe6+ Kg8 28. dxe5 Nxe5 29. Rxd8+ Rxd8 30. Qh3 Rd1+ 31. Bf1 Rd6 32. Rc3 Rxe6 33. Rc8+ Kf7 34. Rc7 Nd7 35. Bc4 Qg5+ 36. Kf1 Qc1+ 37. Kg2 Qg5+ 38. Qg3 Qxg3+ 39. Kxg3 Ke7 40. Bxe6 Kxe6 41. Rxa7 Nc5 42. Rc7 Kd5 43. Rg7 b5 44. Rxg6 Nd3 45. b3 Nc1 46. Rg5+ Kc6 47. b4 Nd3 48. Rg4 Kd5 49. Rh4 Ne1 50. Rh1 Nc2 51. Rb1 Ke5 52. Kg4 Nd4 53. f4+ Kf6 54. Rc1 1-0

[Event "FRA-ch Teams Top 16-Bas 2022"]
[Site "Chartres"]
[Date "2022.06.17"]
[Round "9.21"]
[White "Real, Thibault"]
[Black "Sochacki, Wojtek"]
[Result "1/2-1/2"]
[ECO "C54"]
[WhiteElo "2262"]
[BlackElo "2324"]
[Annotator "TA"]
[PlyCount "81"]
[EventDate "2022.06.16"]
[EventType "team-tourn"]
[EventCountry "FRA"]
[SourceTitle "playchess.com"]
[Source "ChessBase"]
[SourceQuality "1"]
[TimeControl "40/5400+30:1800+30"]

1. e4 e5 2. Nf3 Nc6 3. Bc4 Bc5 4. c3 Nf6 5. d3 O-O 6. O-O d5 7. exd5 Nxd5 8. Re1 Bg4 9. h3 {[%emt 0:00:28] C54: Giuoco Piano: 4 c3 Nf6, main lines with 5 d4 and 5 d3.} Bh5 10. Nbd2 Nb6 11. Ne4 {[%emt 0:08:22] Recently 11.Bb3 got a lot of attention.} Bd6 12. Bb3 Kh8 $1 13. Ng3 Bg6 14. d4 exd4 15. Nxd4 (15. cxd4 {seems wilder.} Re8 16. Be3 h6 17. d5) 15... Nxd4 16. Qxd4 {[%emt 0:02:04] [#]} (16. cxd4 {looks sharper.} a5 17. a3 Qh4 18. Qg4) 16... Bxg3 $146 (16... c5 $5 17. Qg4 f5 $11) ({Predecessor:} 16... c5 17. Qg4 c4 18. Bd1 f5 19. Qf3 Re8 20. Rxe8+ Qxe8 21. Bf4 Qe1+ 22. Kh2 Bc5 {½-½ (72) Moutzouris,I (1776)-Papadopoulos,A (2019) Porto Rio 2014}) 17. fxg3 Qxd4+ 18. cxd4 Rfe8 19. Bd2 c6 20. Rxe8+ Rxe8 21. Re1 Rxe1+ 22. Bxe1 $11 {[%emt 0:00:01][%mdl 4096] Endgame KBB-KBN} Kg8 23. Kf2 Be4 24. Ba5 Kf8 25. g4 {[%emt 0:02:53] The position is equal.} Nd5 26. Bxd5 Bxd5 {[%emt 0:00:08] KB-KB} 27. Bb4+ Ke8 28. a4 Kd7 29. a5 b6 30. axb6 axb6 31. g3 Ke6 32. h4 Bb3 33. Ke3 Bd1 34. g5 Kd5 35. Bf8 g6 36. b4 Bc2 37. Be7 Bb1 38. Bd8 b5 39. Bb6 Bc2 40. Kf4 Bd1 41. Bc5 {[%emt 0:30:08] Weighted Error Value: White=0.05 (flawless) /Black=0.04 (flawless)} 1/2-1/2

[Event "FRA-ch Teams Top 16-Bas 2022"]
[Site "Chartres"]
[Date "2022.06.17"]
[Round "9.22"]
[White "Dutreuil, Raphael"]
[Black "Le Pen, Steven"]
[Result "1-0"]
[ECO "A45"]
[WhiteElo "2309"]
[BlackElo "2090"]
[Annotator "TA"]
[PlyCount "59"]
[EventDate "2022.06.16"]
[EventType "team-tourn"]
[EventCountry "FRA"]
[SourceTitle "playchess.com"]
[Source "ChessBase"]
[SourceQuality "1"]
[TimeControl "40/5400+30:1800+30"]

1. d4 Nf6 2. Bf4 g6 3. Nc3 d5 4. e3 Bg7 5. h4 h5 6. Nf3 {[%emt 0:01:35] A45: Trompowsky Attack.} Bg4 7. Qd2 c6 8. Ne5 {[%emt 0:01:22] White is slightly better.} Be6 {[%emt 0:04:12] [#]} 9. f3 $146 ({Predecessor:} 9. O-O-O Nbd7 10. f3 Nxe5 11. Bxe5 b5 12. Kb1 a5 13. Bd3 O-O 14. Rdg1 Qd7 15. Qe2 {1-0 (42) Livaic,L (2507)-Villacorta Nicolas,D (2153) Tornelo INT 2020}) 9... Nfd7 10. Nd3 a5 11. Be2 b5 12. g4 hxg4 13. fxg4 b4 (13... Nf6 $14) 14. Na4 $16 Nf6 15. Nac5 $36 {[%emt 0:00:44][%mdl 2048] White is on the roll.} Bxg4 16. Bxg4 Nxg4 {[%emt 0:00:07] [#]} 17. Qg2 {[%emt 0:02:07] White is more active.} (17. Ne6 $1 $16 fxe6 18. Qg2) 17... Qc8 $11 18. Rg1 Nf6 19. Bxb8 Rxb8 20. Ne5 {[%emt 0:00:18][%cal Oe5f7] Hoping for Nxf7!} Bh6 $2 {[%emt 0:09:03][%mdl 8192] [#]} (20... Rxh4 $15 {keeps the upper hand.} 21. O-O-O Rb5) 21. Kd2 $2 (21. Nxf7 $1 $18 Rh7 22. Qxg6 Rxf7 23. Qxh6) 21... Qf5 $2 (21... Rg8 $11 {and Black stays safe.}) 22. Raf1 $18 (22. Nxc6 Rc8 23. Raf1 Qh5 $11) 22... Qh5 23. Qh3 {[%emt 0:07:36][%cal Of1f6] And now Rxf6! would win. Really sharp!} ({And not} 23. Nxc6 Rc8 24. Qh2 Kf8 25. Rxf6 (25. Nxa5 $2 Ng4 $19) 25... exf6 26. Qd6+ Kg7 27. Ne6+ Kh7 $11) 23... Bg7 {[%emt 0:06:07] [#]} (23... O-O $2 24. Rf5 Bxe3+ 25. Kxe3 Qh6+ 26. Ke2 $18) (23... Qxh4 24. Qxh4 Bxe3+ 25. Kxe3 Rxh4) 24. Nxf7 $1 {[%emt 0:08:38][%cal Of7d6][%mdl 512] White threatens Nd6+! and mate. Pair of Knights!} Qxh4 {[%emt 0:00:09] [#]} (24... O-O 25. Ne5) 25. Nd6+ $1 exd6 26. Qe6+ Kd8 27. Qxd6+ Kc8 28. Qxc6+ Kd8 {[%emt 0:00:04] [#]} 29. Rxf6 $1 Qh2+ (29... Qh3 30. Rf7) 30. Kd3 {[%emt 0:00:02] Weighted Error Value: White=0.26 (precise) /Black=0.71} 1-0

[Event "FRA-ch Teams Top 16-Bas 2022"]
[Site "Chartres"]
[Date "2022.06.17"]
[Round "9.23"]
[White "Prodhomme, Boris"]
[Black "Da Silva, Quentin"]
[Result "1-0"]
[ECO "E73"]
[WhiteElo "2045"]
[BlackElo "2171"]
[Annotator "NA RC"]
[PlyCount "101"]
[EventDate "2022.06.16"]
[EventType "team-tourn"]
[EventCountry "FRA"]
[SourceTitle "playchess.com"]
[Source "ChessBase"]
[SourceQuality "1"]
[TimeControl "40/5400+30:1800+30"]

1. d4 Nf6 2. c4 g6 3. Nc3 Bg7 4. e4 d6 5. Be2 O-O 6. Be3 Nbd7 7. g4 e5 8. d5 Nc5 9. f3 a5 10. h4 c6 11. h5 cxd5 12. cxd5 Bd7 13. Nh3 a4 14. Qd2 Qa5 15. Nf2 b5 16. h6 Bh8 17. Nd3 Nxd3+ 18. Bxd3 b4 19. Nd1 Rfc8 20. O-O Ne8 21. Qf2 Bb5 22. Qe2 Bxd3 23. Qxd3 Rc7 24. Nf2 Rac8 25. Rac1 Bf6 26. Rxc7 Rxc7 27. g5 Bd8 28. Ng4 f6 29. f4 exf4 30. Bxf4 fxg5 31. Be3 Rf7 32. Rxf7 Kxf7 33. e5 Bb6 34. Qf1+ Ke7 35. exd6+ Kd8 36. Qf7 Bxe3+ 37. Nxe3 Nxd6 38. Qf6+ Kd7 39. Qe6+ Kc7 40. Qe7+ Kc8 41. Qxd6 b3 42. axb3 axb3 43. Qf8+ Kb7 44. Qg7+ Ka6 45. Qd4 g4 46. d6 g3 47. d7 Qd8 48. Qa4+ Kb7 49. Qxb3+ Ka7 50. Nd5 Qa5 51. Qb6+ 1-0